AoeStats
← agamemnon_of_mycenae

Arabia

510141516Analyzed
2v2 RM · 2d ago on Sep 29, 2026· 43m 49s· 4 players
Game mode
Random Map
Map size
Medium (4 player)
Population
200
Speed
Normal
Resources
Standard
Victory
Conquest
Starting age
Dark Age
Ending age
Imperial Age
RankedLock teamsTeams togetherTeam positionsShared explorationLock speedFull tech treeHidden civsTurbo modeCheats
Victory
Defeat
🇸🇪 Khmer · Sweden
1062
+15
🇺🇸 Berbers · United States
1055
+15
🇨🇱 Varangians · Chile
1060
-16
🇨🇱 Mapuche · Chile
1017
-14
Shalvi!< 133
7:28 Loom
9:40 Feudal Age
10:58 Double-Bit Axe
11:55 Bloodlines
18:24 Horse Collar
24:20 Castle Age
23:10 Forging
23:42 Gold Mining
24:40 Scale Barding Armor
24:39 Light Cavalry
25:24 Town Watch
32:03 Husbandry
35:44 Wheelbarrow
37:18 Bow Saw
40:10 Hand Cart
40:26 Pikeman
41:06 Squires
41:07 Stone Mining
45:40 Imperial Age
LordManos133
10:55 Feudal Age
11:26 Double-Bit Axe
14:23 Horse Collar
22:38 Castle Age
21:33 Fletching
21:57 Forging
22:06 Scale Mail Armor
21:50 Champi Runner
23:24 Padded Archer Armor
23:23 Arson
24:03 Bodkin Arrow
24:47 Gold Mining
27:16 Gold Shaft Mining
26:43 Heavy Plow
29:55 Bow Saw
36:07 Pikeman
38:15 Elite Skirmisher
38:52 Stone Mining
agamemnon_of_mycenae
7:54 Loom
11:16 Feudal Age
12:34 Wheelbarrow
11:45 Double-Bit Axe
12:13 Horse Collar
19:47 Castle Age
18:33 Bloodlines
19:21 Gold Mining
19:35 Stone Mining
20:25 Scale Barding Armor
20:30 Forging
20:01 Light Cavalry
22:00 Hand Cart
23:02 Bow Saw
26:35 Fletching
26:45 Padded Archer Armor
27:22 Bodkin Arrow
27:41 Husbandry
28:20 Kasbah
29:20 Gold Shaft Mining
29:47 Ballistics
29:52 Leather Archer Armor
35:51 Stone Shaft Mining
35:28 Thumb Ring
41:25 Imperial Age
42:33 Conscription
43:36 Chemistry
42:41 Bracer
43:11 Ring Archer Armor
QuitTouchingMe
9:12 Feudal Age
9:27 Loom
12:24 Bloodlines
12:42 Forging
12:56 Double-Bit Axe
15:31 Scale Barding Armor
20:59 Castle Age
25:08 Chain Barding Armor
25:27 Bow Saw
28:05 Iron Casting
31:35 Fletching
35:14 Gold Mining
38:32 Wheelbarrow
42:31 Imperial Age
41:44 Hand Cart
42:03 Town Watch
43:29 Bodkin Arrow
43:37 Cavalier
Connection lost

Rejoining the realm…

Still unreachable

The connection could not be restored.

Session expired

The server has moved on; the page needs a fresh start.